 Dungeon Crawl Stone Soup version 0.29-a0-973-gac7da5f7f0 (webtiles) character file.

Game seed: 12674772292199091818

69 vurker the Ducker (level 4, 35/38 HPs)
             Began as a Minotaur Enchanter on July 31, 2022.
             Was a Believer of Uskayaw.
             Quit the game on level 3 of the Dungeon.
             The game lasted 00:02:44 (1945 turns).

vurker the Ducker (Minotaur Enchanter)              Turns: 1945, Time: 00:02:45

Health: 35/38      AC:  3    Str: 15    XL:     4   Next: 2%
Magic:  5/5        EV: 12    Int: 15    God:    Uskayaw [**....]
Gold:   144        SH:  0    Dex: 10    Spells: 5/5 levels left

rFire   . . .      SeeInvis .   k - +5 flail "Omauz" {venom, rPois Int+3}
rCold   . . .      Faith    .   (no shield)
rNeg    . . .      Spirit   .   g - +0 leather armour
rPois   +          Reflect  .   (helmet restricted)
rElec   .          Harm     .   (no cloak)
rCorr   .          Rampage  .   (no gloves)
Will    .....                   (no boots)
Stlth   ++........              (no amulet)
HPRegen 0.12/turn               (no ring)
MPRegen 0.09/turn               (no ring)

@: no status effects
A: horns 2, retaliatory headbutt
a: Renounce Religion, Stomp, Line Pass


You were on level 3 of the Dungeon.
You worshipped Uskayaw.
Uskayaw was noncommittal.
You visited 1 branch of the dungeon, and saw 3 of its levels.

You collected 144 gold pieces.

Inventory:

Hand Weapons
 k - the +5 flail "Omauz" (weapon) {venom, rPois Int+3}
   (You found it on level 2 of the Dungeon)

   It poisons the flesh of those it strikes.
   Int:       It affects your intelligence (+3).
   rPois:     It protects you from poison.
 m - a +1 dagger of draining
   (You took it off a kobold on level 2 of the Dungeon)
Armour
 g - a +0 leather armour (worn)
   (You found it on level 1 of the Dungeon)
Jewellery
 d - a ring of ice
   (You found it on level 1 of the Dungeon)
Scrolls
 a - a scroll of fear {unknown}
 e - 2 scrolls of identify {unknown}
 i - a scroll of brand weapon {unknown}
 j - a scroll of poison {unknown}
 n - 2 scrolls of enchant weapon {unknown}
 o - a scroll of summoning {unknown}
 q - a scroll of enchant armour {unknown}
 r - a scroll of torment {unknown}
Potions
 b - 3 potions of curing {unknown}
 c - 4 potions of invisibility
 f - a potion of cancellation {unknown}
 h - a potion of heal wounds {unknown}
 l - a potion of mutation {unknown}
 p - a potion of ambrosia {unknown}


   Skills:
 * Level 3.0 Fighting
 - Level 1.1 Short Blades
 + Level 2.0 Armour
 + Level 3.0 Dodging
 - Level 2.4 Stealth
 - Level 1.3 Spellcasting
 - Level 2.0 Hexes
 + Level 0.1 Invocations


You had 5 spell levels left.
You didn't know any spells.
Your spell library contained the following spells:

 Spells                   Type           Power      Damage    Failure   Level
 Ensorcelled Hibernation  Hex/Ice        8%         N/A       28%         2
 Confusing Touch          Hex            7%         N/A       36%         3
 Tukima's Dance           Hex            7%         N/A       36%         3
 Dazzling Flash           Conj/Hex       8%         N/A       50%         3
 Frozen Ramparts          Ice            2%         1d2       65%         3
 Gell's Gravitas          Tloc           1%         N/A       65%         3
 Teleport Other           Tloc           1%         N/A       65%         3
 Ice Form                 Ice/Tmut       1%         N/A       96%         4
 Summon Ice Beast         Ice/Summ       1%         N/A       96%         4
 Dispersal                Tloc           0%         N/A       100%        6


Dungeon Overview and Level Annotations

Branches:
Dungeon (3/15)

Altars:
Uskayaw

Shops:
D:3 :


Innate Abilities, Weirdness & Mutations

You have a pair of horns on your head.
You reflexively headbutt those who attack you in melee.


Message History

No target in view!
No target in view!
No target in view!
(D) Dungeon
Where to? (Enter - D:3 @ (x,y), ? - help)
You enter the shallow water.
Moving in this stuff is going to be slow.
You see here a +0 robe.
There is an open door here.
An adder comes into view.
There is a faded altar of an unknown god here.
You cannot tell which god this altar belongs to.
Convert to them anyway?
Uskayaw accepts your prayer! Uskayaw welcomes you!
You can now stomp with the beat.
There is an open door here.
Why would you want to do that? Why would you want to do that?
You see here a +0 robe.
You enter the shallow water.
Moving in this stuff is going to be slow.
You enter the shallow water.
Moving in this stuff is going to be slow.
You enter the shallow water.
Moving in this stuff is going to be slow.
You enter the shallow water.
Moving in this stuff is going to be slow.
The adder hisses angrily.
A ball python comes into view.
The ball python moves out of view.
The adder bites you. The adder bites you but does no damage.
The adder closely misses you.
You miss the adder. The adder bites you.
You closely miss the adder. The adder bites you but does no damage.
The adder closely misses you. You furiously retaliate!
You headbutt the adder.
The ball python hisses angrily.
You sock the adder!
You kill the adder!
You can now pass through a line of other dancers.
Your Fighting skill increases to level 3!
Your Armour skill increases to level 2!
Your Dodging skill increases to level 3!
You have reached level 4!
You feel stronger.
You sock the ball python!
You kill the ball python!
No target in view!
No target in view!
Okay, then.
Okay, then.

#..# #...........
##.####...........
#...##...........
###..##..........
##.###......... #.#
########## #####
####.######## #
##≈≈≈###...........##
≈≈≈≈≈≈†@.[..........####
≈≈≈≈≈≈≈†≈...............
≈≈≈≈≈≈≈≈≈......)..)..###
≈#####≈≈≈≈...........#
####...#≈≈≈≈...........#
#..'._.#≈≈≈≈...........#
##.≈#...#≈≈≈≈.....(.....#
##.[≈#####≈≈≈≈..........##
#..≈≈≈≈≈≈≈≈≈≈....#..<..##


There were no monsters in sight!

Vanquished Creatures
  2 adders
  2 dart slugs (D:1)
  5 ball pythons
  4 endoplasms
  2 giant cockroaches
  4 goblins
  5 hobgoblins
  A quokka (D:2)
  9 bats
  4 frilled lizards
  5 kobolds
  4 rats
47 creatures vanquished.

Notes
Turn   | Place    | Note
-------+----------+-------------------------------------------
     0 | D:1      | vurker the Minotaur Enchanter began the quest for the Orb.
     0 | D:1      | Reached XP level 1. HP: 14/14 MP: 1/1
   119 | D:1      | Reached skill level 1 in Fighting
   324 | D:1      | Reached XP level 2. HP: 19/23 MP: 3/3
   507 | D:1      | Reached skill level 1 in Armour
  1078 | D:2      | Reached XP level 3. HP: 29/29 MP: 4/4
  1206 | D:2      | Identified the +5 flail "Omauz" {venom, rPois Int+3}
  1635 | D:3      | Found Ifolav's Book Shop.
  1803 | D:3      | Found a faded altar of an unknown god.
  1912 | D:3      | Prayed at the altar of an unknown god.
  1912 | D:3      | Became a worshipper of Uskayaw the Reveller
  1912 | D:3      | Reached * piety under Uskayaw
  1942 | D:3      | Reached ** piety under Uskayaw
  1943 | D:3      | Reached XP level 4. HP: 34/38 MP: 5/5
  1945 | D:3      | Quit the game

Illustrated notes

Levels and vault maps discovered:
D:1:      lightli_arrival_lavapool, layout_basic
D:2:      layout_rooms, nicolae_elevator_lobby_asterisk
D:3:      layout_rooms, nicolae_ecumenical_lake_church, serial_shops, shop,
          shop, nicolae_diamond_shop, shop, nicolae_shop_statue_plus

Skill      XL: |  1  2  3 |
---------------+----------+-----
Fighting       | 1 2 3 |  3.0
Armour         | 1 2 |  2.0
Dodging        | 3 |  3.0
Short Blades   | |  1.1
Stealth        | |  2.4
Spellcasting   | |  1.3
Hexes          | |  2.0
Invocations    | |  0.1

Action                   |  1- 3 |  4- 6 || total
-------------------------+-------+-------++-------
Melee: Dagger            |    53 |       ||    53
       Headbutt          |    15 |       ||    15
       Short sword       |    16 |       ||    16
       Flail             |    29 |     1 ||    30
 Stab: Sleeping          |     2 |       ||     2
Armor: Leather armour    |    22 |       ||    22
       Robe              |     1 |       ||     1
Dodge: Dodged            |    72 |       ||    72

Table legend: (Time is in decaauts)
 A = Elapsed time spent in this place.
 B = Non-inter-level travel time spent in this place.
 C = Inter-level travel time spent in this place.
 D = Time resting spent in this place.
 E = Time spent auto-exploring this place.
 F = Levels seen in this place.
 G = Mean time per level.
                   A        B        C        D        E       F      G
               +--------+--------+--------+--------+--------+-----+--------+
         Total |   1959 |   1903 |     56 |      0 |   1531 |   3 |  653.0 |
       Dungeon |   1959 |   1903 |     56 |      0 |   1531 |   3 |  653.0 |
               +--------+--------+--------+--------+--------+-----+--------+

Top non-repeatable levels by time:
     D:1: 985 daAuts
     D:2: 615 daAuts
     D:3: 358 daAuts
